Map: Nightscape LE

Players

Massa - Winner!

  • Race: Terran Terran
  • League: Platinum
  • Spawn Location: 7:00

qqq - Winner!

  • Race: Zerg Zerg
  • League: Platinum
  • Spawn Location: 7:00

Max

  • Race: Terran Terran
  • Spawn Location: 1:00

Bibulex

  • Race: Protoss Protoss
  • Spawn Location: 1:00

VOD

Have the link to the VOD?

Description

Time

  • Played on: Dec. 13, 2020, 4:53 a.m.
  • Length: 11:17
Show
View Real Time Build Order
Export as new Build Order

Massa Terran - Winner!

Build Orders:  

Get SALT Encoding   

  12  0:01  SCV  
  13  0:13  SCV  
  14  0:22  Supply Depot  
  14  0:25  SCV  
  15  0:37  Refinery  
  15  0:44  SCV  
  15  0:45  Barracks  
  16  0:52  Refinery  
  16  0:56  SCV  
  17  1:08  SCV  
  18  1:14  Barracks  
  18  1:20  SCV  
  19  1:32  SCV, Reaper  
  21  1:38  Supply Depot  
  21  1:51  Orbital Command  
  21  2:03  Reaper  
  21  2:05  Reaper  
  23  2:18  Factory  
  23  2:19  SCV  
  24  2:32  SCV  
  24  2:35  Barracks Tech Lab  
  25  2:42  Barracks Reactor  
  25  2:44  SCV  
  26  2:56  SCV  
  25  4:02  Factory Tech Lab  
  27  4:03  Marauder, Marine x2  
  27  4:05  Command Center  
  27  4:08  SCV  
  30  4:18  Starport  
  30  4:20  SCV  
  30  4:24  Barracks  
  31  4:26  Barracks, Command Center  
  31  4:35  Stimpack  
  31  4:39  Supply Depot  
  31  4:42  Engineering Bay  
  31  4:56  Supply Depot  
  31  5:00  Marine x2  
  31  5:01  SCV, Marauder, Siege Tank  
  39  5:14  Barracks Tech Lab  
  39  5:15  Barracks Tech Lab  
  39  5:17  SCV  
  39  5:18  Marine x2  
  39  5:19  Orbital Command  
  42  5:22  Marauder, Supply Depot  
  42  5:27  Missile Turret  
  44  5:29  SCV, Starport Tech Lab  
  44  5:34  Missile Turret  
  45  5:41  SCV  
  45  5:42  Marauder, Marine  
  49  5:44  Marauder  
  51  5:50  Banshee  
  51  5:52  SCV  
  55  5:57  SCV  
  55  6:00  Marine  
  55  6:03  Marauder  
  59  6:05  SCV, Marine  
  61  6:16  Marauder x2  
  61  6:18  Combat Shield  
  65  6:20  Concussive Shells  
  65  6:22  SCV x2  
  67  6:34  SCV x2  
  69  6:46  SCV x2  
  69  6:47  Liberator  
  71  6:49  Orbital Command  
  74  6:54  Marauder  
  74  6:55  Marauder x2, Marine x2  
  74  6:58  SCV  
  74  6:59  SCV  
  74  7:00  Refinery  
  84  7:09  Refinery  
  84  7:11  Supply Depot  
  84  7:13  Marine  
  84  7:14  Supply Depot  
  85  7:17  Supply Depot  
  85  7:25  Terran Infantry Weapons Level 1  
  85  7:33  SCV x2, Marauder x2, Marine x2  
  85  7:36  SCV, Marauder, Siege Tank  
  99  7:45  SCV  
  99  7:48  Medivac  
  99  7:50  Marine x2  
  104  7:55  SCV, Marauder x2  
  104  7:58  Refinery  
  109  7:59  Refinery  
  109  8:06  Supply Depot  
  109  8:07  Supply Depot  
  109  8:08  Supply Depot  
  109  8:09  Marine  
  109  8:10  SCV x3, Marauder  
  115  8:19  Armory  
  115  8:22  SCV x2, Engineering Bay  
  117  8:28  SCV, Marauder x2  
  117  8:31  Marauder  
  117  8:33  Supply Depot  
  114  8:50  Marauder  
  112  9:06  Marauder x2, Marine x2  
  112  9:08  Siege Tank  
  112  9:09  Medivac  
  123  9:11  Marauder  
  125  9:19  Terran Infantry Armor Level 1  
  125  9:24  Marine  
  125  9:27  Marauder x2  
  125  9:32  Marauder  
  127  9:39  Medivac  
  127  9:40  Siege Tank  
  132  9:48  Marauder, Cloaking Field  
  132  9:50  Starport  
  135  10:00  SCV x3  
  135  10:12  SCV x2  
  137  10:16  Liberator  
  137  10:17  Command Center  
  140  10:26  Command Center  
Show
View Real Time Build Order
Export as new Build Order

qqq Zerg - Winner!

Build Orders: Hatch First 

Get SALT Encoding   

  12  0:01  Drone  
  13  0:10  Drone  
  14  0:19  Overlord  
  14  0:47  Drone  
  15  0:50  Hatchery  
  15  0:52  Drone  
  15  0:56  Drone  
  16  1:07  Extractor  
  15  1:18  Drone x2  
  17  1:29  Spawning Pool  
  16  1:33  Drone  
  17  1:42  Drone  
  17  1:43  Drone  
  19  1:56  Drone  
  20  2:17  Drone  
  20  2:18  Queen  
  20  2:19  Queen  
  20  2:20  Drone  
  26  2:27  Metabolic Boost  
  26  2:30  Drone  
  27  2:38  Baneling Nest  
  27  2:39  Zergling x2  
  27  2:42  Drone  
  28  2:50  Overlord  
  28  2:56  Drone  
  28  3:00  Overlord  
  28  3:10  Zergling x4  
  30  3:13  Zergling x4  
  30  3:14  Drone  
  30  3:16  Zergling x2  
  34  3:24  Baneling x2  
  34  3:25  Zergling x2  
  34  3:26  Zergling x2  
  36  3:30  Zergling x2  
  36  3:31  Zergling x4  
  36  3:32  Zergling x2  
  40  3:47  Zergling x4  
  40  3:48  Zergling x4  
  44  3:53  Overlord  
  44  3:56  Lair  
  44  4:03  Overlord  
  44  4:10  Baneling x2  
  43  4:28  Zergling x6  
  43  4:30  Zergling x6  
  48  4:38  Zergling x6  
  51  4:39  Zergling x6  
  51  4:43  Extractor  
  52  4:56  Drone  
  53  5:07  Hatchery  
  50  5:17  Drone x5  
  50  5:18  Drone x2, Overlord  
  57  5:27  Spire  
  56  5:41  Drone  
  56  5:42  Drone x2  
  59  5:43  Drone x2  
  61  5:50  Extractor  
  61  5:52  Extractor  
  59  6:00  Spore Crawler  
  59  6:01  Drone, Spore Crawler  
  59  6:02  Drone  
  59  6:03  Drone  
  60  6:09  Drone  
  61  6:14  Drone  
  62  6:22  Drone  
  62  6:23  Drone  
  62  6:24  Drone  
  65  6:30  Hatchery  
  50  6:39  Drone  
  44  6:40  Drone  
  44  6:42  Queen  
  44  6:46  Mutalisk  
  44  6:47  Mutalisk  
  46  6:51  Zerg Flyer Weapons Level 1  
  46  6:53  Mutalisk  
  52  6:57  Drone  
  52  6:59  Drone  
  52  7:00  Drone  
  55  7:04  Drone  
  55  7:05  Mutalisk  
  58  7:09  Mutalisk  
  58  7:13  Mutalisk  
  62  7:16  Mutalisk  
  62  7:20  Mutalisk  
  66  7:24  Overlord  
  66  7:25  Drone  
  66  7:29  Mutalisk  
  69  7:35  Drone x2  
  71  7:37  Drone, Infestation Pit  
  71  7:40  Mutalisk  
  73  7:44  Mutalisk  
  73  7:50  Drone x2  
  73  7:51  Drone x2  
  79  8:04  Drone  
  79  8:05  Extractor, Drone x2  
  81  8:07  Extractor, Drone x2  
  81  8:08  Drone  
  83  8:13  Queen  
  77  8:54  Mutalisk x4  
  77  8:55  Mutalisk  
  87  8:57  Hive  
  87  8:59  Zerg Flyer Armor Level 1  
  87  9:03  Overlord x3  
  87  9:04  Overlord  
  87  9:05  Overlord x5  
  84  9:34  Mutalisk x4  
  92  10:02  Mutalisk x3  
  92  10:04  Drone x4  
  92  10:05  Drone x2  
  102  10:38  Mutalisk x2  
  102  10:39  Mutalisk x2  
  102  10:41  Drone x4  
  102  10:42  Drone x2  
Show
View Real Time Build Order
Export as new Build Order

Max Terran 

Build Orders: Reaper Expand 

Get SALT Encoding   

  12  0:00  SCV  
  13  0:13  SCV  
  14  0:18  Supply Depot  
  14  0:25  SCV  
  15  0:40  SCV  
  15  0:41  Barracks  
  16  0:45  Refinery  
  16  0:52  SCV  
  17  1:04  SCV  
  18  1:16  SCV  
  19  1:28  SCV  
  20  1:41  Command Center  
  19  1:58  Reaper  
  19  2:00  Orbital Command  
  20  2:08  Barracks  
  20  2:11  Factory  
  20  2:17  Supply Depot  
  20  2:30  Barracks Reactor  
  20  2:34  SCV  
  21  2:38  Refinery  
  21  2:46  SCV  
  22  2:58  SCV  
  22  3:06  Bunker  
  22  3:08  Reaper  
  22  3:10  Widow Mine  
  22  3:11  Orbital Command  
  25  3:19  Reaper  
  25  3:27  Reaper  
  25  3:31  Widow Mine  
  28  3:50  Barracks Reactor  
  28  3:53  Factory Tech Lab, Command Center  
  26  4:24  Marine x2  
  26  4:28  Marine x2  
  30  4:31  Siege Tank  
  33  4:42  Marine x2  
  35  4:46  Marine x2  
  38  5:00  SCV x2, Marine x2  
  38  5:03  Marine  
  38  5:04  Marine  
  43  5:10  Siege Tank  
  43  5:12  SCV x2  
  48  5:23  Supply Depot  
  48  5:24  SCV x2, Marine x4, Supply Depot  
  48  5:26  Supply Depot  
  54  5:30  Orbital Command  
  54  5:36  SCV x2  
  54  5:39  Starport  
  56  5:45  Orbital Command  
  56  5:48  Widow Mine  
  58  6:00  Marine x2  
  58  6:02  Orbital Command  
  60  6:08  Barracks  
  60  6:12  Engineering Bay, Siege Tank  
  60  6:13  Engineering Bay  
  63  6:27  Starport Reactor  
  61  7:07  Orbital Command  
  61  7:12  Barracks Tech Lab  
  61  7:13  Medivac x2  
  65  7:16  Siege Tank  
  65  7:18  Terran Infantry Weapons Level 1  
  68  7:34  SCV  
  68  7:35  SCV x2  
  71  7:42  Stimpack  
  71  7:44  Marine x5  
  71  7:46  SCV  
  71  7:47  SCV x2  
  79  7:58  SCV  
  79  7:59  SCV x2  
  79  8:01  Marine  
  79  8:02  Marine x2  
  85  8:15  Refinery, Supply Depot  
  85  8:16  Supply Depot  
  85  8:18  Refinery  
  85  8:19  SCV  
  85  8:20  SCV  
  85  8:22  Marine  
  85  8:25  SCV, Marine  
  85  8:27  Missile Turret x2  
  85  8:29  Marine  
  85  8:30  Marine x2  
  85  8:31  Missile Turret  
  82  8:39  Marine  
  78  8:43  Marine  
  78  8:47  Marine  
  78  8:48  Marine  
  69  8:56  Orbital Command  
  66  9:19  Marauder, Marine  
  66  9:20  Marine x3  
  66  9:21  Combat Shield  
  55  9:37  Marine x4  
  57  9:40  Missile Turret  
  57  9:41  Marauder  
  57  9:43  Missile Turret  
  50  9:53  Missile Turret  
  50  9:55  Marine x4  
  50  9:56  Missile Turret  
  52  10:02  Marauder  
  54  10:12  Marine  
  54  10:13  Marine  
  56  10:24  Missile Turret  
  56  10:27  Missile Turret  
  56  10:34  Missile Turret  
Show
View Real Time Build Order
Export as new Build Order

Bibulex Protoss 

Build Orders:  

Get SALT Encoding   

  12  0:00  Probe  
  13  0:18  Probe  
  13  0:19  Pylon  
  14  0:30  Probe (Chrono Boost)  
  15  0:38  Gateway  
  15  0:42  Probe (Chrono Boost)  
  16  0:50  Probe (Chrono Boost)  
  16  0:54  Assimilator  
  16  0:56  Probe  
  18  1:10  Probe  
  19  1:13  Assimilator  
  19  1:15  Pylon  
  19  1:43  Cybernetics Core  
  18  2:08  Nexus  
  18  2:13  Probe (Chrono Boost)  
  19  2:19  Warp Gate  
  19  2:20  Adept  
  22  2:23  Probe (Chrono Boost), Pylon  
  22  2:28  Probe (Chrono Boost)  
  23  2:39  Probe  
  24  2:46  Gateway  
  24  2:48  Gateway  
  24  3:02  Adept (Chrono Boost)  
  26  3:10  Shield Battery  
  21  3:48  Probe (Chrono Boost)  
  21  3:58  Probe (Chrono Boost)  
  21  3:59  Probe (Chrono Boost)  
  23  4:03  Probe (Chrono Boost)  
  23  4:08  Probe, Sentry  
  23  4:09  Sentry  
  29  4:12  Stalker  
  29  4:14  Probe  
  32  4:20  Probe  
  31  4:26  Probe  
  28  4:35  Adept x2  
  28  4:36  Adept  
  31  4:38  Probe  
  32  5:08  Gateway  
  32  5:12  Twilight Council  
  32  5:14  Pylon  
  32  5:16  Pylon  
  32  5:29  Nexus  
  32  5:32  Probe  
  33  5:44  Probe  
  33  5:46  Charge (Chrono Boost)  
  34  6:05  Stalker  
  34  6:06  Stalker x2  
  40  6:18  Assimilator  
  40  6:22  Assimilator  
  36  6:52  Probe (Chrono Boost)  
  37  6:57  Nexus  
  37  7:01  Assimilator  
  37  7:03  Probe (Chrono Boost)  
  37  7:05  Pylon  
  37  7:08  Probe (Chrono Boost)  
  39  7:18  Probe  
  40  7:29  Forge  
  40  7:30  Probe  
  40  7:31  Forge  
  41  7:42  Probe (Chrono Boost)  
  42  7:50  Templar Archives  
  42  7:54  Probe (Chrono Boost)  
  44  8:01  Probe (Chrono Boost)  
  44  8:02  Protoss Ground Weapons Level 1 (Chrono Boost)  
  44  8:03  Probe (Chrono Boost)  
  45  8:06  Protoss Ground Armor Level 1 (Chrono Boost)  
  45  8:07  Probe  
  45  8:08  Probe  
  47  8:19  Probe  
  48  8:21  Probe  
  49  8:28  High Templar x4  
  49  8:32  Probe, Archon  
  49  8:33  Probe, Archon  
  59  8:44  Probe  
  59  8:45  Probe  
  54  9:02  Zealot x4  
  62  9:05  Probe  
  58  9:17  Probe  
  58  9:18  Probe  
  60  9:29  Probe  
  60  9:30  Probe  
  62  9:32  Stalker x2  
  62  9:33  Stalker x2  
  70  9:41  Probe  
  70  9:42  Probe  
  72  9:53  Probe  
  72  9:54  Probe  
  74  10:06  Probe  
  75  10:09  Stalker  
  75  10:10  Stalker x2  
  75  10:11  Zealot  
  83  10:18  Probe  
  84  10:41  Nexus  
  84  10:45  Assimilator  
  84  10:49  Assimilator  
  78  11:07  Zealot x4  
Tags
 
Add a new tag
Caveats
  • Supply blocks, unpowered buildings, or Contaminate may cause inaccurate times.
  • Supply counts are checked every 10 seconds.